 Dungeon Crawl Stone Soup version 0.28-a0-631-g0446da8ef9 (webtiles) character file.

Game seed: 4501682250921814928

346 KristoblXynda the Ducker (level 6, -4/48 HPs)
             Began as a Spriggan Berserker on Oct 10, 2021.
             Was a Believer of Trog.
             Slain by a gnoll (5 damage)
             ... on level 4 of the Dungeon.
             The game lasted 00:04:32 (5319 turns).

KristoblXynda the Ducker (Spriggan Berserker)       Turns: 5319, Time: 00:04:33

Health: -4/48      AC:  2    Str: 14    XL:     6   Next: 32%
Magic:  7/7        EV: 19    Int:  9    God:    Trog [**....]
Gold:   135        SH:  0    Dex: 15    Spells: 5/5 levels left

rFire   . . .      SeeInvis +   a - +0 short sword
rCold   . . .      Faith    .   (shield restricted)
rNeg    . . .      Spirit   .   b - +0 animal skin
rPois   .          Reflect  .   (helmet restricted)
rElec   .          Harm     .   d - scarf {+Inv}
rCorr   .          Rampage  .   (gloves unavailable)
Will    +....                   (boots unavailable)
Stlth   ..........              (no amulet)
HPRegen 0.16/turn               (no ring)
MPRegen 0.10/turn               (no ring)

@: berserking, very quick
A: very small, no large weapons, unfitting armour, see invisible, speed 3
a: Renounce Religion, Evoke Invisibility, Berserk, Trog's Hand


You were on level 4 of the Dungeon.
You worshipped Trog.
Trog was pleased with you.
You visited 1 branch of the dungeon, and saw 4 of its levels.

You collected 135 gold pieces.

Inventory:

Hand Weapons
 a - a +0 short sword (weapon)
Armour
 b - a +0 animal skin (worn)
 d - a scarf of invisibility (worn)
Scrolls
 e - a scroll of enchant armour {unknown}
 f - a scroll of enchant weapon {unknown}
 g - a scroll of magic mapping {unknown}
 h - a scroll of noise {unknown}
 j - a scroll of holy word {unknown}
 l - a scroll of fear {unknown}
Potions
 c - a potion of haste
 i - a potion of lignification
 k - a potion of might
 m - a potion of curing {unknown}


   Skills:
 - Level 3.0 Fighting
 + Level 4.8 Short Blades
 + Level 5.9 Dodging
 + Level 4.7 Stealth
 + Level 3.0 Evocations


You had 5 spell levels left.
You didn't know any spells.
Your spell library contained the following spells:

 Spells                   Type           Power      Damage    Failure   Level
 Animate Skeleton         Necr           0%         N/A       38%         1
 Pain                     Necr           0%         1d4       38%         1
 Shock                    Conj/Air       0%         1d3       38%         1
 Swiftness                Air            0%         N/A       77%         3
 Vampiric Draining        Necr           0%         2d6       77%         3
 Airstrike                Air            0%         N/A       99%         4


Dungeon Overview and Level Annotations

Branches:
Dungeon (4/15)
 Temple: D:4-7

Altars:
Dithmenos
Qazlal
Wu Jian


Innate Abilities, Weirdness & Mutations

You are very small and have problems with some larger weapons.
You are too small for most types of armour.
You have supernaturally acute eyesight. (SInv)
You cover ground extremely quickly. (Speed+++)


Message History

m - a coppery potion
Found a war axe.
You now have 127 gold pieces (gained 17).
You now have 135 gold pieces (gained 8).
As you open the door, it creaks loudly!
Found a scale mail.
Found a stone staircase leading down.
A gnoll comes into view. It is wielding a +0 whip.
A gnoll is nearby!
A gnoll is nearby!
You hit the gnoll.
The gnoll is heavily wounded.
You barely miss the gnoll.
The gnoll is heavily wounded.
The gnoll hits you with a +0 whip.
You hit the gnoll but do no damage.
The gnoll is heavily wounded.
The gnoll hits you with a +0 whip.
You barely miss the gnoll.
The gnoll is heavily wounded.
The gnoll hits you with a +0 whip!
You are too injured to fight recklessly!
You are too injured to fight recklessly!
You hit the gnoll.
The gnoll is heavily wounded.
The gnoll misses you.
You hit the gnoll but do no damage.
The gnoll is heavily wounded.
The gnoll hits you with a +0 whip!
* * * LOW HITPOINT WARNING * * *
A red film seems to cover your vision as you go berserk!
You feel yourself moving faster!
You feel mighty! The gnoll hits you with a +0 whip!
* * * LOW HITPOINT WARNING * * *
You hit the gnoll.
The gnoll is almost dead.
You barely miss the gnoll.
The gnoll is almost dead.
The gnoll hits you with a +0 whip.
You die...

.............#
.............#
####.........#
#)........#
#.........#
#.........#
####.........#####
[..'............>#
####......^..###@#
.............# #g#
.............# #.#
........###### #..
........# ###
........#
........#
........#
#########


You could see a gnoll.

Vanquished Creatures
  A necrophage (D:4)
  A scorpion (D:4)
  A hound (D:4)
  A gnoll shaman (D:4)
  3 gnolls (D:4)
  3 adders
  An adder skeleton (D:4)
  2 worms
  3 orcs (D:3)
  3 ball pythons
  7 bats
  3 endoplasms
  2 giant cockroaches
  6 goblins
  A hobgoblin (D:1)
  12 jackals (D:2)
  9 kobolds
  4 quokkas
  8 frilled lizards
  5 rats
76 creatures vanquished.

Notes
Turn   | Place    | Note
-------+----------+-------------------------------------------
     0 | D:1      | KristoblXynda the Spriggan Berserker began the quest for
                  | the Orb.
     0 | D:1      | Reached XP level 1. HP: 11/11 MP: 2/2
   219 | D:1      | Reached skill level 1 in Stealth
   223 | D:1      | Reached XP level 2. HP: 15/16 MP: 3/3
   662 | D:1      | Reached ** piety under Trog
  1222 | D:2      | Reached XP level 3. HP: 19/19 MP: 4/4
  1274 | D:2      | Found a shadowy altar of Dithmenos.
  2530 | D:2      | Reached XP level 4. HP: 23/23 MP: 5/5
  2852 | D:3      | Found a stormy altar of Qazlal.
  3641 | D:3      | Found a faded altar of an unknown god.
  3784 | D:3      | Reached skill level 5 in Dodging
  4191 | D:3      | Found an ornate altar of the Wu Jian Council.
  4415 | D:4      | Noticed a necrophage
  4425 | D:4      | Killed a necrophage
  4426 | D:4      | Reached XP level 5. HP: 28/28 MP: 6/6
  4823 | D:4      | Reached XP level 6. HP: 32/32 MP: 7/7
  5317 | D:4      | HP: 1/48 [gnoll (10)]
  5319 | D:4      | Slain by a gnoll

Illustrated notes

Levels and vault maps discovered:
D:1:      minmay_arrival_split_and_join, layout_basic, grunt_decor_junction
D:2:      layout_basic, basic_altar, minmay_pentomino_r2
D:3:      layout_basic, nzn_wu_jian_council_hall,
          nicolae_qazlal_scattered_showers, dreamdust_ecumenical_altar_statues
D:4:      layout_basic, uniq_grinder

Skill      XL: |  1  2  3  4  5  6 |
---------------+-------------------+-----
Stealth        | 1 2 4 |  4.7
Short Blades   | 4 |  4.8
Fighting       | 3 |  3.0
Dodging        | 5 |  5.9
Evocations     | 2 3 |  3.0

Action                   |  1- 3 |  4- 6 || total
-------------------------+-------+-------++-------
Melee: Short sword       |   164 |   143 ||   307
Invok: Berserk           |     4 |     8 ||    12
  Use: Scroll            |       |     3 ||     3
 Stab: Sleeping          |     4 |     2 ||     6
Armor: Animal skin       |    13 |     2 ||    15
Dodge: Dodged            |   148 |   101 ||   249

Table legend: (Time is in decaauts)
 A = Elapsed time spent in this place.
 B = Non-inter-level travel time spent in this place.
 C = Inter-level travel time spent in this place.
 D = Time resting spent in this place.
 E = Time spent auto-exploring this place.
 F = Levels seen in this place.
 G = Mean time per level.
                   A        B        C        D        E       F      G
               +--------+--------+--------+--------+--------+-----+--------+
         Total |   4484 |   4436 |     48 |   2125 |   1764 |   4 | 1121.0 |
       Dungeon |   4484 |   4436 |     48 |   2125 |   1764 |   4 | 1121.0 |
               +--------+--------+--------+--------+--------+-----+--------+

Top non-repeatable levels by time:
     D:2: 1429 daAuts
     D:3: 1225 daAuts
     D:4: 992 daAuts
     D:1: 836 daAuts
